 Dungeon Crawl Stone Soup version 0.31.0-32-g396128a36d (webtiles) character file.

Game seed: 6860310626739748306

893 601d51SH the Shield-Bearer (level 8, -1/67 HPs)
             Began as a Gnoll Fighter on Apr 2, 2024.
             Was an Initiate of Hepliaklqana.
             Killed from afar by an acid dragon (11 damage)
             ... with a splash of acid
             ... on level 6 of the Dungeon.
             The game lasted 00:07:45 (5201 turns).

601d51SH the Shield-Bearer (Gnoll Fighter)          Turns: 5201, Time: 00:07:45

Health: -1/67      AC:  9    Str: 18    XL:     8   Next: 6%
Magic:  12/12      EV: 16    Int:  8    God:    Hepliaklqana [......]
Gold:   186        SH:  6    Dex: 17    Spells: 13/13 levels left

rFire   . . .        l - +2 short sword (elec)
rCold   . . .        c - +0 buckler
rNeg    . . .        b - +0 scale mail
rPois   .            w - +0 helmet
rElec   .            (no cloak)
rCorr   .            (no gloves)
SInv    .            (no boots)
Will    .....        (no amulet)
Stlth   +            h - +6 ring of dexterity
HPRegen 0.31/turn    v - +5 ring of evasion
MPRegen 0.13/turn

%: no passive effects
@: no status effects
A: fangs 1, strong nose, distributed training
a: Renounce Religion


You were on level 6 of the Dungeon.
You worshipped Hepliaklqana.
Hepliaklqana was noncommittal.
You visited 2 branches of the dungeon, and saw 7 of its levels.

You collected 316 gold pieces.
You spent 130 gold pieces at shops.

Inventory:

Hand Weapons
 a - a +0 war axe
 l - a +2 short sword of electrocution (weapon)
 n - a +2 whip of electrocution
 r - a +1 flail of holy wrath
 E - a +1 falchion of venom
Missiles
 m - 15 poisoned darts (quivered)
Armour
 b - a +0 scale mail (worn)
 c - a +0 buckler (worn)
 w - a +0 helmet (worn)
Jewellery
 h - a +6 ring of dexterity (left hand)
 k - a ring of fire
 u - a ring of protection from cold
 v - a +5 ring of evasion (right hand)
 B - a +5 ring of evasion
Wands
 q - a wand of iceblast (17)
 F - a wand of polymorph (10)
Scrolls
 e - 2 scrolls of teleportation
 g - 4 scrolls of identify
 i - a scroll of poison {unknown}
 j - 3 scrolls of vulnerability
 p - a scroll of silence {unknown}
 s - a scroll of brand weapon {unknown}
 t - a scroll of fog
 x - a scroll of fear {unknown}
 y - a scroll of enchant weapon {unknown}
 A - a scroll of acquirement {unknown}
Potions
 d - 2 potions of might
 f - 2 potions of curing
 o - 2 potions of mutation
 z - 2 potions of heal wounds {unknown}
 C - a potion of lignification {unknown}
 D - a potion of ambrosia {unknown}


   Skills:
 + Level 7.2 Fighting
 + Level 3.0 Short Blades
 + Level 3.0 Long Blades
 + Level 5.5 Axes
 + Level 3.0 Maces & Flails
 + Level 3.0 Polearms
 + Level 3.0 Staves
 + Level 3.0 Ranged Weapons
 + Level 3.0 Throwing
 + Level 7.2 Armour
 + Level 3.0 Dodging
 + Level 3.0 Stealth
 + Level 7.2 Shields
 + Level 3.0 Unarmed Combat
 + Level 3.0 Spellcasting
 + Level 2.4 Conjurations
 + Level 2.4 Hexes
 + Level 2.4 Summonings
 + Level 2.4 Necromancy
 + Level 2.4 Translocations
 + Level 2.4 Fire Magic
 + Level 2.4 Ice Magic
 + Level 2.4 Air Magic
 + Level 2.4 Earth Magic
 + Level 2.4 Alchemy
 + Level 3.3 Invocations
 + Level 3.0 Evocations
 + Level 2.7 Shapeshifting


You had 13 spell levels left.
You didn't know any spells.
Your spell library contained the following spells:

 Spells                   Type           Power      Damage    Failure   Level
 Apportation              Tloc           10%        N/A       38%         1
 Magic Dart               Conj           20%        1d4       38%         1
 Necrotise                Necr           20%        1d5       38%         1
 Sting                    Conj/Alch      20%        1d4       38%         1
 Summon Small Mammal      Summ           20%        N/A       38%         1
 Blink                    Tloc           10%        N/A       52%         2
 Call Imp                 Summ           10%        N/A       52%         2
 Anguish                  Hex/Necr       2%         N/A       99%         4
 Cause Fear               Hex            2%         N/A       99%         4
 Enfeeble                 Hex            2%         N/A       100%        7


Dungeon Overview and Level Annotations

Branches:
Dungeon (6/15)             Temple (1/1) D:5

Altars:
Ashenzari
Cheibriados
Dithmenos
Elyvilon
Fedhas
Gozag
Hepliaklqana
Kikubaaqudgha
Makhleb
Nemelex Xobeh
Okawaru
Ru
Sif Muna
Trog
Uskayaw
Vehumet
Xom
Zin
The Shining One

Shops:
D:1 ?   D:5 *

Annotations:
D:6 2 runed translucent doors, brilapsti's ghost, novice MiFi


Innate Abilities, Weirdness & Mutations

You have very sharp teeth.
Your uncanny sense of smell can sniff out nearby items.
Your experience applies equally to all skills.


Message History

You closely miss the acid dragon.
The acid dragon is lightly wounded.
You block the acid dragon's attack.
The acid dragon claws you but does no damage.
You hit the acid dragon but do no damage.
Your bite misses the acid dragon.
The acid dragon is lightly wounded.
The acid dragon barely misses you. The acid dragon misses you.
You hit the acid dragon but do no damage.
The acid dragon is lightly wounded.
The acid dragon misses you. The acid dragon closely misses you.
You hit the acid dragon.
The acid dragon is lightly wounded.
The acid dragon spits acid at you. The splash of acid hits you!!
You hit the acid dragon but do no damage.
The acid dragon is lightly wounded.
You block the acid dragon's attack. The acid dragon misses you.
You hit the acid dragon.
The acid dragon is moderately wounded.
The acid dragon bites you!
* * * LOW HITPOINT WARNING * * *
The acid dragon claws you.
* * * LOW HITPOINT WARNING * * *
You closely miss the acid dragon.
The acid dragon is moderately wounded.
The acid dragon closely misses you. The acid dragon misses you.
You hit the acid dragon. Your bite misses the acid dragon.
The acid dragon is heavily wounded.
You hit the acid dragon. Your bite misses the acid dragon.
The acid dragon is heavily wounded.
The acid dragon bites you.
* * * LOW HITPOINT WARNING * * *
You block the acid dragon's attack.
You hit the acid dragon but do no damage.
Your bite misses the acid dragon.
The acid dragon is heavily wounded.
The acid dragon spits acid at you. The splash of acid hits you!
You die...

#.....# ####.#. #.....#
#...... ###.### #.##...
#.#######.##...
#.........#..#.
##########..#.##.
#......# #..#(###
.#######.####.###.......
......D@................
########.####)###.###.##
#.#........# #.##
#......##### # ##
##...### #.## #... #...
#...# #### #...# ##.
#...###### #..


You could see an acid dragon (catching breath).

Vanquished Creatures
  An ice beast (D:6)
  2 centaurs
  2 scorpions
  A howler monkey (D:5)
  A bombardier beetle (D:5)
  2 jellies
  2 hounds
  An orc priest (D:5)
  3 iguanas (D:5)
  An orc wizard (D:5)
  2 sleepcaps (D:5)
  5 adders
  3 gnolls (D:5)
  A white imp (D:5)
  A dart slug (D:5)
  2 ribbon worms (D:2)
  6 orcs
  4 ball pythons
  4 bats
  6 endoplasms
  6 goblins
  8 hobgoblins
  2 jackals (D:2)
  2 quokkas (D:1)
  A frilled lizard (D:6)
  8 kobolds
  4 rats
81 creatures vanquished.

Notes
Turn   | Place    | Note
-------+----------+-------------------------------------------
     0 | D:1      | 601d51SH the Gnoll Fighter began the quest for the Orb.
     0 | D:1      | Reached XP level 1. HP: 23/23 MP: 1/1
     6 | D:1      | Found Emialug's Magic Scroll Emporium.
   173 | D:1      | Reached XP level 2. HP: 29/29 MP: 2/2
   502 | D:1      | Found a faded altar of an unknown god.
   732 | D:2      | Reached XP level 3. HP: 35/35 MP: 2/4
   735 | D:2      | Reached skill level 1 in Invocations
  1020 | D:2      | Reached skill level 1 in Short Blades
  1020 | D:2      | Reached skill level 1 in Long Blades
  1020 | D:2      | Reached skill level 1 in Maces & Flails
  1020 | D:2      | Reached skill level 1 in Polearms
  1020 | D:2      | Reached skill level 1 in Staves
  1020 | D:2      | Reached skill level 1 in Ranged Weapons
  1020 | D:2      | Reached skill level 1 in Throwing
  1020 | D:2      | Reached skill level 1 in Dodging
  1020 | D:2      | Reached skill level 1 in Stealth
  1020 | D:2      | Reached skill level 1 in Unarmed Combat
  1020 | D:2      | Reached skill level 1 in Spellcasting
  1020 | D:2      | Reached skill level 1 in Evocations
  1563 | D:3      | Found an ancient bone altar of Kikubaaqudgha.
  1574 | D:3      | Reached skill level 1 in Shapeshifting
  1574 | D:3      | Reached XP level 4. HP: 41/41 MP: 5/5
  2183 | D:1      | Bought a scroll of identify for 20 gold pieces
  2183 | D:1      | Bought a scroll of fog for 40 gold pieces
  2183 | D:1      | Bought a scroll of vulnerability for 40 gold pieces
  2183 | D:1      | Bought a scroll of teleportation for 30 gold pieces
  2255 | D:4      | Found a bloodstained altar of Trog.
  2257 | D:4      | Found a shimmering blue altar of Sif Muna.
  2604 | D:4      | Reached skill level 1 in Conjurations
  2604 | D:4      | Reached skill level 1 in Hexes
  2604 | D:4      | Reached skill level 1 in Summonings
  2604 | D:4      | Reached skill level 1 in Necromancy
  2604 | D:4      | Reached skill level 1 in Translocations
  2604 | D:4      | Reached skill level 1 in Fire Magic
  2604 | D:4      | Reached skill level 1 in Ice Magic
  2604 | D:4      | Reached skill level 1 in Air Magic
  2604 | D:4      | Reached skill level 1 in Earth Magic
  2604 | D:4      | Reached skill level 1 in Alchemy
  3161 | D:5      | Entered Level 5 of the Dungeon
  3162 | D:5      | Found an opulent altar of Gozag.
  3174 | D:5      | Found Gozag's Platinum Reserve.
  3194 | D:5      | Reached XP level 5. HP: 47/47 MP: 7/7
  3261 | D:5      | Found a shimmering altar of Xom.
  3261 | D:5      | Found a glowing golden altar of the Shining One.
  3312 | D:5      | Reached XP level 6. HP: 31/53 MP: 8/8
  3572 | D:5      | Reached skill level 5 in Axes
  3768 | D:5      | Found a staircase to the Ecumenical Temple.
  3812 | Temple   | Entered the Ecumenical Temple
  3825 | Temple   | Became a worshipper of Hepliaklqana the Forgotten
  4104 | D:5      | Reached XP level 7. HP: 15/60 MP: 10/10
  4821 | D:6      | Found a sacrificial altar of Ru.
  4968 | D:6      | Found a large runed translucent door.
  4968 | D:6      | Found a large runed translucent door.
  4970 | D:6      | Noticed brilapsti's ghost (novice MiFi)
  5090 | D:6      | Reached XP level 8. HP: 37/67 MP: 12/12
  5201 | D:6      | Killed from afar by an acid dragon

Illustrated notes

Levels and vault maps discovered:
D:1:      saegor_arrival_miasma, layout_basic, chequers_ecumenical_altar_island,
          serial_shops, shop, minmay_misc_feat_secret_circle,
          minmay_tetromino_o2
D:2:      layout_loops_ring
D:3:      layout_basic, nicolae_kikubaaqudgha_miasma_corner
D:4:      layout_loops_corners, hellmonk_overflow_destroyed_library
D:5:      layout_gridville, nicolae_gozag_zags_fifth_avenue,
          jmf_multi_god_temple, minmay_temple_entry_antechambers
D:6:      layout_loops_cross, nicolae_ru_great_annihilating_truth,
          ebering_ghost_disaster_area, uniq_grinder
Temple:   nicolae_temple_ecumenical_triangle

Skill      XL: |  1  2  3  4  5  6  7 |
---------------+----------------------+-----
Invocations    | 1 2 3 |  3.3
Short Blades   | 1 2 3 |  3.0
Long Blades    | 1 2 3 |  3.0
Maces & Flails | 1 2 3 |  3.0
Polearms       | 1 2 3 |  3.0
Staves         | 1 2 3 |  3.0
Ranged Weapons | 1 2 3 |  3.0
Throwing       | 1 2 3 |  3.0
Dodging        | 1 2 3 |  3.0
Stealth        | 1 2 3 |  3.0
Unarmed Combat | 1 2 3 |  3.0
Spellcasting   | 1 2 3 |  3.0
Evocations     | 1 2 3 |  3.0
Shapeshifting  | 1 2 |  2.7
Conjurations   | 1 2 |  2.4
Hexes          | 1 2 |  2.4
Summonings     | 1 2 |  2.4
Necromancy     | 1 2 |  2.4
Translocations | 1 2 |  2.4
Fire Magic     | 1 2 |  2.4
Ice Magic      | 1 2 |  2.4
Air Magic      | 1 2 |  2.4
Earth Magic    | 1 2 |  2.4
Alchemy        | 1 2 |  2.4
Axes           | 5 |  5.5
Fighting       | 7 |  7.2
Armour         | 7 |  7.2
Shields        | 7 |  7.2

Action                     |  1- 3 |  4- 6 |  7- 9 || total
---------------------------+-------+-------+-------++-------
  Melee: War axe           |    56 |       |       ||    56
         Bite              |     5 |    12 |    13 ||    30
         Short sword       |    41 |   112 |   107 ||   260
    Use: Scroll            |       |     2 |       ||     2
   Stab: Paralysed         |       |       |     1 ||     1
 Armour: Scale mail        |    47 |    52 |    89 ||   188
  Dodge: Dodged            |    37 |    53 |    85 ||   175
  Block: Buckler           |    29 |    24 |    26 ||    79
